 Dungeon Crawl Stone Soup version 0.27-a0-1186-g8b4daa1eef (webtiles) character file.

Game seed: 1314209297952874599

49 siradein the Poker (level 3, -2/27 HPs)
             Began as a Demonspawn Gladiator on May 20, 2021.
             Slain by an ogre
             ... wielding a +0 giant club
              (24 damage)
             ... on level 3 of the Dungeon.
             The game lasted 00:07:13 (2510 turns).

siradein the Poker (Demonspawn Gladiator)           Turns: 2510, Time: 00:07:14

Health: -2/27      AC:  7    Str: 15    XL:     3   Next: 51%
Magic:  3/3        EV: 12    Int:  9    God:
Gold:   130        SH:  0    Dex: 14    Spells: 2/2 levels left

rFire    . . .     SeeInvis .   a - +0 trident
rCold    . . .     Faith    .   (no shield)
rNeg     . . .     Spirit   .   b - +0 leather armour
rPois    .         Reflect  .   c - +0 helmet
rElec    .         Harm     .   e - +0 cloak
rCorr    .         Rampage  .   (no gloves)
Will     .....                  (no boots)
Stlth    +.........             (no amulet)
HPRegen  0.09/turn              (no ring)
MPRegen  0.08/turn              (no ring)

@: no status effects
A: yellow scales 1, powered by death 1
a: no special abilities


You were on level 3 of the Dungeon.
You visited 1 branch of the dungeon, and saw 4 of its levels.

You collected 130 gold pieces.

Inventory:

Hand Weapons
 a - a +0 trident (weapon)
Missiles
 d - 2 throwing nets (quivered)
Armour
 b - a +0 leather armour (worn)
 c - a +0 helmet (worn)
 e - a +0 cloak (worn)
Scrolls
 g - a scroll of immolation {unknown}
 h - a scroll of torment {unknown}
 i - 5 scrolls of identify {unknown}
 m - a scroll of vulnerability {unknown}
Potions
 f - a potion of flight {unknown}
 j - a potion of cancellation {unknown}
 k - a potion of lignification {unknown}
 l - 2 potions of ambrosia {unknown}


   Skills:
 - Level 2.0 Fighting
 + Level 3.5 Polearms
 + Level 2.8 Throwing
 - Level 2.6 Dodging


You had 2 spell levels left.
You didn't know any spells.
Your spell library contained the following spells:

 Spells                   Type           Power      Damage    Failure   Level
 Foxfire                  Conj/Fire      0%         2x1d4     45%         1
 Freeze                   Ice            0%         1d3       45%         1
 Conjure Flame            Conj/Fire      0%         6-21      83%         3
 Frozen Ramparts          Ice            0%         1d2       83%         3
 Ozocubu's Armour         Ice            0%         N/A       83%         3
 Sticky Flame             Conj/Fire      0%         2d3       99%         4
 Bolt of Magma            Conj/Fire/Erth 0%         4d4       100%        5


Dungeon Overview and Level Annotations

Branches:
Dungeon (4/15)
 Temple: D:4-7

Altars:

Shops:
D:1 [(*

Annotations:
D:4 Natasha


Innate Abilities, Weirdness & Mutations

You are partially covered in yellow scales. (AC +2)
You regenerate a little health from kills.


Message History

The kobold is severely wounded.
The kobold barely misses you. The kobold closely misses you.
You closely miss the kobold.
The kobold is severely wounded.
The kobold closely misses you.
You miss the kobold.
The kobold is severely wounded.
The kobold barely misses you.
You barely miss the kobold.
The kobold is severely wounded.
The kobold hits you but does no damage.
You puncture the kobold!
You kill the kobold!
Throw: 3 throwing nets
Press: ? - help, Q - select action Shift-Dir - straight line, f - ogre
Aim: an ogre, wielding a +0 giant club (75% to hit)
You throw a throwing net. The throwing net hits the ogre.
The ogre is caught in the net!
The ogre struggles against the net.
You hit the ogre.
The ogre is lightly wounded.
The ogre struggles against the net.
You hit the ogre.
The ogre is moderately wounded.
The ogre struggles against the net.
You hit the ogre.
The ogre is moderately wounded.
The ogre struggles against the net.
You hit the ogre.
The ogre is heavily wounded.
The ogre struggles against the net.
You hit the ogre.
The ogre is severely wounded.
The ogre struggles against the net.
The net rips apart, and the ogre comes free!
You hit the ogre.
The ogre is severely wounded.
The ogre hits you with a +0 giant club!!
Ouch! That really hurt!
You die...

#..)......#
#.......
#...†.....#
########
#.........#
#.........#
#.........#
#.........#
#.........#
#.........#
###@#######
#O#
##b#######
#.........
#..'.........
####.........
#.........
#.........
#.........


You could see an ogre and a bat.

Vanquished Creatures
  An adder (D:3)
  A worm (D:2)
  3 ball pythons
  3 bats (D:3)
  3 endoplasms
  A giant cockroach (D:3)
  5 goblins
  6 hobgoblins
  A quokka (D:1)
  A frilled lizard (D:1)
  3 kobolds
  5 rats
33 creatures vanquished.

Notes
Turn   | Place    | Note
-------+----------+-------------------------------------------
     0 | D:1      | siradein the Demonspawn Gladiator began the quest for the
                  | Orb.
     0 | D:1      | Reached XP level 1. HP: 16/16 MP: 1/1
   142 | D:1      | Found Raohe's Assorted Antiques.
   159 | D:1      | Identified the Collected Works on Igneous Ice
   170 | D:1      | Found Giskesch's Weapon Boutique.
   320 | D:1      | Reached skill level 3 in Polearms
   320 | D:1      | Gained mutation: You regenerate a little health from kills.
                  | [demonic ancestry]
   320 | D:1      | Reached XP level 2. HP: 19/22 MP: 2/2
   445 | D:1      | Found Iggoepuw's Antique Armour Shop.
  1220 | D:2      | You fall into a shaft and drop 2 floors!
  1232 | D:4      | Noticed Natasha
  1247 | D:4      | Noticed a crimson imp
  2071 | D:3      | Gained mutation: You are partially covered in yellow
                  | scales. (AC +2) [demonic ancestry]
  2071 | D:3      | Reached XP level 3. HP: 26/27 MP: 3/3
  2345 | D:3      | Noticed an ogre
  2510 | D:3      | Slain by an ogre

Illustrated notes

Levels and vault maps discovered:
D:1:      minmay_arrival_checkered_box, layout_loops_ring, serial_shops,
          nicolae_shop_stone, nicolae_shop_behind_doors, shop,
          minmay_misc_feat_doors, glass_columns_a
D:2:      layout_loops_ring, minmay_misc_feat_tower
D:3:      layout_basic, ebering_ecumenical_altar_hall
D:4:      layout_loops_ring, serial_shops, nicolae_shop_behind_doors,
          sigmund_edmund_badplayer, uniq_natasha

Skill      XL: |  1 |
---------------+----+-----
Throwing       | 2 |  2.8
Polearms       | 3 |  3.5
Fighting       | |  2.0
Dodging        | |  2.6

Action                   || total
-------------------------++-------
Melee: Trident           ||   123
Throw: Throwing net      ||     1
 Stab: Sleeping          ||     2
Armor: Leather armour    ||    24
Dodge: Dodged            ||    55

Table legend: (Time is in decaauts)
 A = Elapsed time spent in this place.
 B = Non-inter-level travel time spent in this place.
 C = Inter-level travel time spent in this place.
 D = Time resting spent in this place.
 E = Time spent auto-exploring this place.
 F = Levels seen in this place.
 G = Mean time per level.
                   A        B        C        D        E       F      G
               +--------+--------+--------+--------+--------+-----+--------+
         Total |   2526 |   2458 |     68 |    100 |   2076 |   4 |  631.5 |
       Dungeon |   2526 |   2458 |     68 |    100 |   2076 |   4 |  631.5 |
               +--------+--------+--------+--------+--------+-----+--------+

Top non-repeatable levels by time:
     D:1: 913 daAuts
     D:2: 794 daAuts
     D:3: 788 daAuts
     D:4: 30 daAuts
